 Dungeon Crawl Stone Soup version 0.17.2-1-ge4368a0 (webtiles) character file.

1332 magog001 the Skirmisher (level 8, -8/106 HPs)
             Began as a Hill Orc Abyssal Knight on Oct 2, 2016.
             Was an Elder of Lugonu.
             Mangled by Pikel
             ... wielding a +2 whip of electrocution
              (16 damage)
             ... on level 6 of the Dungeon.
             The game lasted 00:46:27 (7346 turns).

magog001 the Skirmisher (Hill Orc Abyssal Knight)   Turns: 7346, Time: 00:46:27

Health: -8/106     AC: 24    Str: 16    XL:     8   Next: 61%
Magic:  10/10      EV:  2    Int: 12    God:    Lugonu [****..]
Gold:   41         SH:  0    Dex: 11    Spells: 0 memorised, 7 levels left

rFire  . . .     SeeInvis .     k - +4 short sword
rCold  . . .     Clarity  .     (armour currently unavailable)
rNeg   + + +     SustAt   .     (no shield)
rPois  +         Gourm    .     (helmet currently unavailable)
rElec  .         Spirit   .     (cloak currently unavailable)
rCorr  .         Warding  .     (gloves currently unavailable)
rMut   .         NoTele   +     (boots currently unavailable)
MR     .....                    (no amulet)
Stlth  +++.......               M - ring of positive energy
                                n - ring of stealth

@: tree-form, not resistant to hostile enchantments, fairly stealthy
A: no striking features
a: Depart the Abyss, Bend Space, Banish, Corrupt, Renounce Religion


You were on level 6 of the Dungeon.
You worshipped Lugonu.
Lugonu was greatly pleased with you.
You were not hungry.
You were a tree.
You visited 2 branches of the dungeon, and saw 7 of its levels.
You visited the Abyss 1 time.

You collected 238 gold pieces.
You spent 197 gold pieces at shops.

Inventory:

Hand Weapons
 a - a +1 falchion
 e - a +0 shortbow
 i - a +2 vampiric trident
 k - a +4 short sword (weapon)
 m - a cursed -2 flail
 q - a +0 dagger of holy wrath
 y - a +0 vampiric morningstar
Missiles
 b - 66 arrows
 t - 111 stones (quivered)
 v - 10 sling bullets
 z - 104 bolts
 I - 4 poisoned needles
Armour
 h - a +0 pair of gloves (melded)
 p - a +2 helmet of intelligence (melded)
 G - a +0 ring mail (melded)
Jewellery
 n - a ring of stealth (left branch)
 K - an uncursed ring of protection from cold
 M - a ring of positive energy (right branch)
Wands
 J - a wand of polymorph (10)
Scrolls
 s - a scroll of immolation {unknown}
 x - 2 scrolls of remove curse
 D - a scroll of enchant armour
 F - a scroll of recharging
 H - a scroll of magic mapping {unknown}
 L - 2 scrolls of identify
Potions
 d - a potion of cure mutation {unknown}
 f - a potion of poison {unknown}
 g - a potion of flight {unknown}
 l - a potion of magic {unknown}
 r - 2 potions of brilliance
 w - 2 potions of lignification
 A - a potion of resistance
 C - a potion of invisibility {unknown}
 E - a potion of might {unknown}
Comestibles
 c - a bread ration
 j - a fruit
 o - a meat ration
 u - a beef jerky
 N - a chunk of flesh


   Skills:
 * Level 6.6 Fighting
 * Level 4.0(4.3) Short Blades
 + Level 2.3(3.7) Long Blades
 + Level 0.1 Throwing
 * Level 6.0 Armour
 * Level 4.5 Dodging
 + Level 1.1 Stealth
 + Level 3.1 Invocations


You had 7 spell levels left.
You didn't know any spells.

Dungeon Overview and Level Annotations

Branches:
Dungeon (6/15)             Temple (1/1) D:5

Altars:
Ashenzari
Fedhas
Gozag
Kikubaaqudgha
Makhleb
Nemelex Xobeh
Qazlal
Sif Muna
Trog
Xom
Yredelemnul
Zin
The Shining One

Shops:
D:4 *

Annotations:
D:6 Grinder, Pikel


Message History

You hit Pikel.
Pikel is almost dead.
Pikel waves a pair of manacles at you. Pikel hits you but does no damage.
You hit Pikel.
Pikel is almost dead.
Pikel hits you but does no damage.
You hit Pikel.
Pikel is almost dead.
Pikel hits you but does no damage.
You are electrocuted!
* * * LOW HITPOINT WARNING * * *
You hit Pikel but do no damage.
Pikel is almost dead.
You barely miss Pikel.
Pikel is almost dead.
Pikel hits you but does no damage.
You barely miss Pikel.
Pikel is almost dead.
Pikel hits you but does no damage.
You are electrocuted!
You die...

## #...# ..[
#...# ...#
+#...#+
....###.....####
................
#........⌠......
#....p........
###Kp...#
##.♣#...#+
#...#...#
#<.##...#
####.....#
...### ..#.
...#p


You could see Pikel and 2 slaves.

Vanquished Creatures
  An ogre (D:5)
  3 phantoms
  2 centaurs
  A crimson imp (D:5)
  2 centaur zombies
  A centaur skeleton (D:4)
  6 orc priests
  6 orc wizards
  A giant frog skeleton (D:5)
  2 worker ants
  An iguana (D:4)
  Robin (D:2)
  9 adders
  An ooze (D:2)
  6 worms
  30 orcs
  6 giant cockroaches
  6 hobgoblins
  5 jackals
  2 quokkas
  4 ball pythons
  3 bats
  4 giant geckos
  3 giant gecko skeletons
  A giant newt (D:3)
  16 goblins
  7 kobolds
  A quokka skeleton (D:5)
  4 rats
  A butterfly (D:5)
136 creatures vanquished.

Notes
Turn   | Place    | Note
--------------------------------------------------------------
     0 | Abyss:1  | magog001 the Hill Orc Abyssal Knight began the quest for the Orb.
     0 | Abyss:1  | Reached XP level 1. HP: 19/19 MP: 2/2
   105 | Abyss:1  | Noticed a small abomination
   118 | Abyss:1  | Noticed a large abomination
   119 | D:1      | Escaped the Abyss
   398 | D:1      | Reached * piety under Lugonu
   507 | D:1      | Reached XP level 2. HP: 27/27 MP: 4/4
   518 | D:1      | Reached skill level 4 in Fighting
  1063 | D:2      | Noticed Robin
  1183 | D:1      | Reached XP level 3. HP: 26/33 MP: 5/5
  1504 | D:2      | Killed Robin
  1504 | D:2      | Reached skill level 1 in Dodging
  1787 | D:2      | Reached XP level 4. HP: 25/41 MP: 6/6
  2186 | D:2      | Reached ** piety under Lugonu
  2421 | D:2      | Reached XP level 5. HP: 24/47 MP: 7/7
  2818 | D:2      | Reached skill level 1 in Short Blades
  2975 | D:3      | Reached skill level 5 in Fighting
  2975 | D:3      | Reached XP level 6. HP: 49/56 MP: 8/8
  3234 | D:3      | Reached *** piety under Lugonu
  3861 | D:3      | Reached XP level 7. HP: 53/61 MP: 9/9
  4019 | D:5      | Entered Level 5 of the Dungeon
  5057 | D:4      | Reached skill level 6 in Fighting
  5373 | D:4      | Found Ylylimi's Assorted Antiques.
  5468 | D:4      | Bought a lumpy coppery potion for 22 gold pieces
  5468 | D:4      | Bought a fluorescent wand for 100 gold pieces
  5468 | D:4      | Bought a scroll labeled WUJIOR WEJO for 25 gold pieces
  5468 | D:4      | Bought a scroll of identify for 50 gold pieces
  5731 | D:4      | Reached skill level 5 in Armour
  6051 | D:4      | Reached XP level 8. HP: 57/70 MP: 10/10
  6583 | D:5      | Found an opulent altar of Gozag.
  6644 | D:5      | Reached skill level 1 in Stealth
  6651 | D:5      | Reached **** piety under Lugonu
  6691 | D:5      | Found a staircase to the Ecumenical Temple.
  7179 | Temple   | Entered the Ecumenical Temple
  7301 | D:6      | Noticed Grinder
  7314 | D:6      | Noticed Pikel
  7346 | D:6      | Mangled by Pikel

Action                   |  1- 3 |  4- 6 |  7- 9 || total
-------------------------+-------+-------+-------++-------
Melee: Falchion          |    75 |       |       ||    75
       Short sword       |    47 |   218 |   313 ||   578
       Dagger            |       |     7 |       ||     7
Throw: Stone             |       |     9 |     1 ||    10
Invok: Depart the Abyss  |     1 |       |       ||     1
  Use: Scroll            |     1 |     5 |     5 ||    11
       Potion            |     1 |       |     2 ||     3
  Eat: Chunk             |     3 |     3 |     5 ||    11
       Bread ration      |       |     1 |       ||     1
       Fruit             |       |       |     2 ||     2
       Meat ration       |       |       |     1 ||     1
